 Dungeon Crawl Stone Soup version 0.31.0-11-ge490571c62 (webtiles) character file.

Game seed: 10611140549876957351

2192 Arcadio the Thaumaturge (level 9, 0/45 HPs)
             Began as a Deep Elf Conjurer on Jan 29, 2024.
             Shot with an arrow by an orc warrior (7 damage)
             ... on level 7 of the Dungeon.
             The game lasted 00:10:12 (6132 turns).

Arcadio the Thaumaturge (Deep Elf Conjurer)         Turns: 6132, Time: 00:10:12

Health: 0/45       AC:  4    Str:  4    XL:     9   Next: 12%
Magic:  22/25      EV: 14    Int: 28    God:
Gold:   306        SH:  0    Dex: 19    Spells: 17/28 levels left

rFire   . . .        u - +3 short sword
rCold   . . .        (no shield)
rNeg    . . .        y - +1 leather armour {rPois}
rPois   +            (no helmet)
rElec   .            w - scarf {shadows}
rCorr   .            (no gloves)
SInv    +            (no boots)
Will    .....        (no amulet)
Stlth   ++           n - ring of see invisible
HPRegen 0.27/turn    A - +6 ring of dexterity
MPRegen 0.19/turn

%: no passive effects
@: no status effects
A: no striking features
a: no special abilities


You were on level 7 of the Dungeon.
You visited 1 branch of the dungeon, and saw 8 of its levels.

You collected 391 gold pieces.
You spent 85 gold pieces at shops.

Inventory:

Hand Weapons
 d - a +0 dagger
 g - a +0 dagger of freezing
 u - a +3 short sword (weapon)
Armour
 a - a +0 robe
 o - a +2 robe of cold resistance
 w - a scarf of shadows (worn)
 y - a +1 leather armour of poison resistance (worn)
Jewellery
 n - a ring of see invisible (left hand)
 v - a +4 ring of slaying
 A - a +6 ring of dexterity (right hand)
Wands
 t - a wand of paralysis (11)
Scrolls
 e - 8 scrolls of identify {unknown}
 f - a scroll of amnesia {unknown}
 h - a scroll of fog {unknown}
 j - a scroll of revelation {unknown}
 k - 2 scrolls of immolation {unknown}
 p - a scroll of poison {unknown}
 q - a scroll of vulnerability {unknown}
 r - 3 scrolls of teleportation {unknown}
 s - a scroll of noise {unknown}
Potions
 b - a potion of magic
 c - 4 potions of curing
 i - 3 potions of mutation {unknown}
 l - a potion of berserk rage {unknown}
 m - 2 potions of invisibility {unknown}
 x - a potion of degeneration {unknown}
 z - a potion of brilliance {unknown}


   Skills:
 + Level 6.8 Dodging
 - Level 2.4 Stealth
 + Level 10.4 Spellcasting
 + Level 9.5 Conjurations


You had 17 spell levels left.
You knew the following spells:

 Your Spells              Type           Power      Damage    Failure   Level
a - Magic Dart            Conj           100%       1d8       1%          1
b - Searing Ray           Conj           100%       2d8       1%          2
c - Fulminant Prism       Conj/Alch      20%        3d12      10%         4
d - Iskenderun's Mystic   Conj/Tloc      41%        2d9       10%         4

Your spell library contained the following spells:

 Spells                   Type           Power      Damage    Failure   Level
 Summon Small Mammal      Summ           56%        N/A       7%          1
 Flame Wave               Conj/Fire      41%        2d11      10%         4
 Inner Flame              Hex/Fire       14%        N/A       21%         3
 Sticky Flame             Fire/Alch      14%        2d5       56%         4


Dungeon Overview and Level Annotations

Branches:
Dungeon (8/15)
 Temple: D:4-7         Lair: D:8-11

Altars:
Ashenzari
Vehumet

Shops:
D:3 [   D:5 (


Message History

Casting: Searing Ray (safe; 1% risk of failure)
Confirm with . or Enter, or press ? or * to list all spells.
Aiming: Magic Dart (safe; 1% risk of failure)
Press: ? - help, Shift-Dir - straight line, f - orc warrior
Aim: an orc warrior, wielding a +0 trident, wearing a +0 plate armour and wearing a ring of magical power (wandering, hasn't noticed you, 100% to hit)
Okay, then.
Casting: Magic Dart (safe; 1% risk of failure)
Confirm with . or Enter, or press ? or * to list all spells.
You can't see any susceptible monsters within range! (Use Z to cast anyway.) Unknown command.
Casting: Magic Dart (safe; 1% risk of failure)
Confirm with . or Enter, or press ? or * to list all spells.
Aiming: Searing Ray (safe; 1% risk of failure)
Press: ? - help, Shift-Dir - straight line, f - orc warrior
Aim: an orc warrior, wielding a +0 trident, wearing a +0 plate armour and wearing a ring of magical power (wandering, hasn't noticed you, 83% to hit)
The searing ray hits the orc warrior.
The orc warrior is lightly wounded.
The orc warrior shouts! (Press . to maintain the ray.)
You hear a shout!
The searing ray hits the orc warrior.
The orc warrior is moderately wounded.
The orc warrior unwields a +0 trident.
The orc warrior wields a +0 orcbow.
The orc warrior shoots an arrow.
The arrow hits you!!
The searing ray hits the orc warrior.
The orc warrior is moderately wounded.
An orc priest comes into view. It is wielding a +0 trident.
The orc warrior shoots an arrow.
The arrow closely misses you.
The searing ray hits the orc warrior!
The orc warrior is severely wounded.
You finish channelling your searing ray.
The orc priest calls upon Beogh to heal the orc warrior.
The orc warrior is healed somewhat.
The orc warrior shoots an arrow.
The arrow hits you!
You hear a shout!
The orc warrior shoots an arrow.
The arrow completely misses you.
The orc warrior shoots an arrow.
The arrow hits you!
* * * LOW HITPOINT WARNING * * *
The orc warrior shoots an arrow.
The arrow hits you!
You die...

#.# #.#.# #.#######........ #.#
######.#.####.#.............. #.#
#..........##.######.........
#.###.####.#.#.##.......###.##...
.#.#.#.#.#.#.#.#.#....#.# #.###..
#.#.#.#.#.#.#.#.#.....#.# #......
.#.#.#.#.#.#.#.#.#..#.#.#####.#..
#.#.#.#.#.#.#.#.#.#.#.#.#.###....
.#.#.#.#.#.#.#.#@##.###.#.#......
#.#.#.#.#.#.#.#.#.#.# #.#........
.#.#.#.#.#.#.#.#.##.###.#.#.##.#.
#.#.#.#.#.#.#.#.#.....#.#.#.#...(
#.#.#.# #.#.#.#.######.#.#.####.
#.#># #o#.#.#.#####.#.#.# #.
#<#.# #.#.#.#.##.....#.#.####.
#.#.#.#.#.#.#.#.#<#####.#......
#.# #.#.#.#.#.#.##.#####.######.


You could see an orc warrior.

Vanquished Creatures
  Psyche (D:8)
  2 ice beasts (D:7)
  2 black bears (D:6)
  An ogre (D:4)
  A centaur (D:8)
  2 phantoms
  2 kobold brigands
  5 wights (D:4)
  A howler monkey (D:4)
  3 bombardier beetles
  2 hounds
  A jelly (D:6)
  4 orc priests
  A gnoll bouda (D:7)
  Jessica (D:2)
  5 orc wizards
  3 iguanas
  8 gnolls
  9 adders
  2 shadow imps (D:6)
  A dart slug (D:1)
  17 orcs
  4 endoplasms
  3 giant cockroaches
  5 goblins
  5 hobgoblins
  7 kobolds
  2 quokkas (D:3)
  3 ball pythons
  4 bats
  2 frilled lizards
  2 rats
111 creatures vanquished.

Vanquished Creatures (others)
  A fulminant prism (D:7)
1 creature vanquished.

Grand Total: 112 creatures vanquished

Notes
Turn   | Place    | Note
-------+----------+-------------------------------------------
     0 | D:1      | Arcadio the Deep Elf Conjurer began the quest for the Orb.
     0 | D:1      | Reached XP level 1. HP: 10/10 MP: 6/6
   203 | D:1      | Reached XP level 2. HP: 15/15 MP: 5/8
   874 | D:2      | Learned a level 2 spell: Searing Ray
   904 | D:2      | Found a faded altar of an unknown god.
   909 | D:2      | Got Plato's Dissertation on Creation
   938 | D:2      | Noticed Jessica
   941 | D:2      | Killed Jessica
   942 | D:2      | Reached skill level 4 in Spellcasting
   942 | D:2      | Reached skill level 5 in Conjurations
   942 | D:2      | Reached XP level 3. HP: 19/19 MP: 2/10
  1910 | D:3      | Reached XP level 4. HP: 19/24 MP: 7/12
  2009 | D:3      | Found Cebluham's Antique Armour Emporium.
  2011 | D:3      | Reached skill level 5 in Spellcasting
  2020 | D:3      | Learned a level 4 spell: Fulminant Prism
  2025 | D:3      | Learned a level 4 spell: Iskenderun's Mystic Blast
  2053 | D:3      | Bought a glowing robe for 85 gold pieces
  2546 | D:3      | Reached XP level 5. HP: 23/28 MP: 10/14
  2923 | D:4      | Reached skill level 6 in Spellcasting
  2929 | D:4      | Reached XP level 6. HP: 13/32 MP: 6/17
  3005 | D:4      | Reached skill level 7 in Spellcasting
  3138 | D:4      | Found a broken altar of Ashenzari.
  3216 | D:4      | Reached XP level 7. HP: 36/36 MP: 12/19
  3777 | D:5      | Entered Level 5 of the Dungeon
  3777 | D:5      | Found Cyidogh's Weapon Shop.
  4050 | D:5      | You fall into a shaft and drop 3 floors!
  4058 | D:8      | Reached skill level 8 in Spellcasting
  4210 | D:8      | Found a radiant altar of Vehumet.
  4340 | D:8      | Noticed Psyche
  4346 | D:8      | Killed Psyche
  4347 | D:8      | Reached skill level 9 in Spellcasting
  4347 | D:8      | Reached XP level 8. HP: 41/41 MP: 3/23
  4623 | D:6      | Reached skill level 5 in Dodging
  5506 | D:7      | Reached skill level 10 in Spellcasting
  5796 | D:7      | Reached XP level 9. HP: 37/45 MP: 12/25
  6132 | D:7      | Shot with an arrow by an orc warrior

Illustrated notes

Levels and vault maps discovered:
D:1:      kennysheep_arrival_seaside, layout_basic, kennysheep_minor_cross
D:2:      layout_loops_ring, shapermc_ecumenical_altar_rom_forum,
          chequers_serial_rivers_micro_d, uniq_jessica
D:3:      layout_basic, serial_shops, nicolae_diamond_shop
D:4:      layout_cave_pools, cheibrodos_ashenzari_chains, nrook_campfire,
          skrybe_limestone_x
D:5:      layout_gridville, temple_fountains, serial_shops,
          nicolae_stop_n_shop_2
D:6:      layout_cave_pools, grunt_ministairs_6, kennysheep_generic_room_11
D:7:      layout_basic, led_sif_book
D:8:      layout_loops_ring, mainiacjoe_overflow_small_starburst, slow_altar_2,
          uniq_psyche

Skill      XL: |  1  2  3  4  5  6  7  8 |
---------------+-------------------------+-----
Spellcasting   | 4 5 6 7 9 10 | 10.4
Conjurations   | 5 6 7 8 9 |  9.5
Dodging        | 4 6 |  6.8
Stealth        | |  2.4

Action                     |  1- 3 |  4- 6 |  7- 9 || total
---------------------------+-------+-------+-------++-------
  Melee: Dagger            |    11 |       |       ||    11
   Cast: Magic Dart        |    26 |     6 |     3 ||    35
         Searing Ray       |    10 |    34 |    62 ||   106
         Fulminant Prism   |       |       |     1 ||     1
    Use: Potion            |     1 |       |       ||     1
 Armour: Robe              |    18 |     9 |    33 ||    60
         Leather armour    |       |       |     4 ||     4
  Dodge: Dodged            |    17 |     9 |    41 ||    67
